 Dungeon Crawl Stone Soup version 0.29-a0-234-g0dae59b3db (webtiles) character file.

Game seed: 4554942850251124370

2907 spaghetti the Blocker (level 9, -2/56 HPs)
             Began as an Octopode Fighter on Mar 3, 2022.
             Was an Initiate of Gozag.
             Slain by a purple ugly thing (12 damage)
             ... on level 7 of the Dungeon.
             The game lasted 00:10:10 (8451 turns).

spaghetti the Blocker (Octopode Fighter)            Turns: 8451, Time: 00:10:11

Health: -2/56      AC:  1    Str: 15    XL:     9   Next: 78%
Magic:  9/9        EV: 13    Int: 11    God:    Gozag
Gold:   177        SH:  7    Dex: 15    Spells: 8/8 levels left

rFire   . . .      SeeInvis +   a - +0 whip (venom) {mace}
rCold   . . .      Faith    .   j - +0 buckler
rNeg    + . .      Spirit   .   (helmet restricted)
rPois   .          Reflect  .   (no amulet)
rElec   .          Harm     .   h - ring of positive energy
rCorr   .          Rampage  .   i - ring of see invisible
Will    +....                   o - +4 ring of slaying
Stlth   ++........              n - +4 ring of slaying
HPRegen 0.18/turn               m - ring of willpower
MPRegen 0.11/turn               (no ring)
                                (no ring)
                                (no ring)

@: no status effects
A: almost no armour, amphibious, 8 rings, camouflage 1, gelatinous body 1,
(nimble swimmer 1), tentacles
a: Renounce Religion, Potion Petition, Call Merchant, Bribe Branch


You were on level 7 of the Dungeon.
You worshipped Gozag.
Gozag was aware of your devotion.
You visited 2 branches of the dungeon, and saw 8 of its levels.

You collected 690 gold pieces.
You paid 513 gold pieces to Gozag.


Innate Abilities, Weirdness & Mutations

You cannot wear most types of armour.
You are amphibious.
You can wear up to eight rings at the same time.
Your skin changes colour to match your surroundings (Stealth+).
Your rubbery body absorbs attacks. (AC +1, EV +1)
((You are camouflaged when in or above water. (Stealth+)))
You have tentacles for arms and can constrict up to eight enemies at once.


   Skills:
 - Level 3.0 Fighting
 - Level 2.0 Long Blades
 - Level 3.0 Dodging
 + Level 13.4 Shields


You had 8 spell levels left.
You didn't know any spells.
Your spell library was empty.

Inventory:

Hand Weapons
 a - a +0 whip of venom (weapon) {mace}
   (You took it off an orc priest on level 4 of the Dungeon)
 b - a +2 whip of flaming {mace}
   (You took it off Pikel on level 4 of the Dungeon)
 c - a +0 vorpal long sword {long}
 s - a +5 whip {mace}
   (You took it off an orc on level 6 of the Dungeon)
Missiles
 k - 187 stones (quivered) {throwing}
 q - 3 poisoned darts {throwing}
 r - a throwing net {=f!fthrowing}
Armour
 j - a +0 buckler (worn)
Jewellery
 h - a ring of positive energy (left tentacle)
   (You found it on level 2 of the Dungeon)
 i - a ring of see invisible (right tentacle)
   (You found it on level 4 of the Dungeon)
 m - a ring of willpower (on tentacle)
   (You found it on level 7 of the Dungeon)
 n - a +4 ring of slaying (on tentacle)
   (You took it off an orc priest on level 4 of the Dungeon)
 o - a +4 ring of slaying (on tentacle)
   (You took it off an orc on level 4 of the Dungeon)
Wands
 v - a wand of flame (2)
   (You found it on level 7 of the Dungeon)
Scrolls
 d - 3 scrolls of enchant weapon
 e - a scroll of identify {@r1}
 f - 3 scrolls of vulnerability {!r!r}
 g - 3 scrolls of teleportation {@r4}
 l - 2 scrolls of immolation {!r!r}
Potions
 p - a potion of ambrosia
 t - a potion of flight
 u - a potion of magic

Dungeon Overview and Level Annotations

Branches:
Dungeon (7/15)             Temple (1/1) D:5

Altars:
Ashenzari
Cheibriados
Dithmenos
Elyvilon
Fedhas
Gozag
Hepliaklqana
Kikubaaqudgha
Makhleb
Nemelex Xobeh
Okawaru
Qazlal
Ru
Sif Muna
Trog
Uskayaw
Vehumet
Wu Jian
Xom
Zin
The Shining One

Shops:
D:3 * D:4

* #...).. ..#.##.#.
#.....# ###.##.#.
##.....# ###.##.##
......#.####......##
#...##......###..##
#.# ######.# #....
#Y# #.###.### #u#
#.....### #@#
#####.... #.# #.###
####.# #.#
#....##### #.#
#.####...# #.#
#.####.#.### #.#
#.###.##...#...# #.#
#.......)#####.# #.#
#####.##...#...#


You could see a purple ugly thing (extremely poisoned) and an ice beast.


Message History

Your tentacle-slap misses the sky beast.
You block the sky beast's attack. 😮 HP[+1]
You hit the sky beast.
The sky beast looks as sick as possible!
Your squeeze misses the sky beast. The sky beast hits you.
* * * LOW HITPOINT WARNING * * *
The sky beast shocks you.
* * * LOW HITPOINT WARNING * * *
😨 HP[-8]
You take 8 damage, and now have 22/56 hp.
You whack the sky beast!
You kill the sky beast!
You start resting. 😎 HP[+34]
Your hp is fully restored (56).
You now have 161 gold pieces (gained 13).
You now have 167 gold pieces (gained 6).
Things that are here:
a +0 dagger {short}; a +2 robe of resistance An orc comes into view.
It is wielding a +0 whip.
An orc is nearby!
An orc is nearby!
The orc shouts!
Things that are here:
6 gold pieces; a +2 vorpal flail {mace}; a +0 leather armour The orc hits you with a +0 whip. 😕 HP[-4]
You take 4 damage, and now have 52/56 hp.
You whack the orc!
You kill the orc!
No target in view!
No target in view!
No target in view!
No target in view!
No target in view!
No target in view!
You now have 173 gold pieces (gained 6).
Things that are here:
a +2 vorpal flail {mace}; a +0 leather armour You now have 177 gold pieces (gained 4).
Things that are here:
a +0 whip {mace}; a +0 leather armour 😎 HP[+4]
Your hp is fully restored (56).
Things that are here:
a +0 dagger {short}; a +2 robe of resistance
g - 3 scrolls of teleportation {@r4} (gained 1) Key pressed, stopping explore.
Things that are here:
a +0 whip {mace}; a +0 leather armour An ice beast and a purple ugly thing come into view.
The purple ugly thing gurgles horribly!
Setting a skill training target for Maces & Flails at 12.0.
Unknown command.
Press: ? - help, v - describe, . - travel
Here: a purple ugly thing The floor.
Unknown command.
Okay, then.
Okay, then.
Okay, then.
Okay, then.
Okay, then.
You barely miss the purple ugly thing. Your grab misses the purple ugly thing.
The purple ugly thing tail-slaps you. 😕 HP[-2]
You take 2 damage, and now have 54/56 hp.
You hit the purple ugly thing. You grab the purple ugly thing.
You constrict the purple ugly thing, but do no damage.
The purple ugly thing tail-slaps you! 😕 HP[-10]
You take 10 damage, and now have 44/56 hp.
You hit the purple ugly thing but do no damage.
The purple ugly thing is poisoned.
You constrict the purple ugly thing.
The purple ugly thing tail-slaps you! 😮 HP[-9]
You take 9 damage, and now have 35/56 hp.
You barely miss the purple ugly thing. You constrict the purple ugly thing.
You block the purple ugly thing's attack. 😮 HP[+1]
You hit the purple ugly thing.
The purple ugly thing looks as sick as possible!
You squeeze the purple ugly thing! You constrict the purple ugly thing.
You block the purple ugly thing's attack.
You whack the purple ugly thing!
The purple ugly thing looks as sick as possible!
You squeeze the purple ugly thing! You constrict the purple ugly thing.
The purple ugly thing tail-slaps you!!
* * * LOW HITPOINT WARNING * * *
😨 HP[-19]
You take 19 damage, and now have 17/56 hp.
MASSIVE DAMAGE!! (PAUSE)
You hit the purple ugly thing.
The purple ugly thing looks as sick as possible!
You constrict the purple ugly thing. The purple ugly thing tail-slaps you!
* * * LOW HITPOINT WARNING * * *
The purple ugly thing tail-slaps you!
You die...
Your body crumbles into a pile of gold.

Skill      XL: |  1  2  3  4  5  6  7  8  9 |
---------------+----------------------------+-----
Shields        | 4 5 8 9 11 13 | 13.4
Fighting       | |  3.0
Long Blades    | |  2.0
Dodging        | |  3.0

Action                   |  1- 3 |  4- 6 |  7- 9 || total
-------------------------+-------+-------+-------++-------
Melee: Long sword        |    47 |    21 |       ||    68
       Constrict         |    12 |    11 |    52 ||    75
       Tentacles         |     8 |    12 |    55 ||    75
       Whip              |       |    12 |   187 ||   199
       Punch             |       |     1 |     2 ||     3
Throw: Stone             |       |     5 |     1 ||     6
       Boomerang         |       |       |    42 ||    42
Invok: Potion Petition   |       |       |     1 ||     1
  Use: Scroll            |     2 |     3 |     5 ||    10
       Potion            |     1 |     5 |     6 ||    12
 Stab: Sleeping          |     5 |     1 |    10 ||    16
       Distracted        |       |       |     2 ||     2
Armor: Skin              |     2 |       |    14 ||    16
Dodge: Dodged            |    23 |    11 |    90 ||   124
Block: Buckler           |     5 |     5 |    38 ||    48

Levels and vault maps discovered:
D:1:      arrival_aquarium_a, layout_basic, serial_shops,
          nicolae_shop_bloodbath_and_beyond
D:2:      layout_basic
D:3:      layout_rooms, zin_purify, kennysheep_boxes
D:4:      layout_loops_ring, nicolae_shop_sticking_my_neck_out, uniq_menkaure,
          uniq_pikel, uniq_sigmund
D:5:      corexii_shack_village, layout_gridville, minmay_temple_entry_trees
D:6:      layout_cave_pools
D:7:      layout_loops_ring
Temple:   mainiacjoe_temple_cubbyholes

Notes
Turn   | Place    | Note
-------+----------+-------------------------------------------
     0 | D:1      | spaghetti the Octopode Fighter began the quest for the Orb.
     0 | D:1      | Reached XP level 1. HP: 16/16 MP: 1/1
     0 | D:1      | magus.rc [v1.9.6]
     1 | D:1      | Noticed an electric eel
   452 | D:2      | Reached XP level 2. HP: 21/21 MP: 2/2
   809 | D:2      | Reached skill level 4 in Shields
   813 | D:2      | Reached XP level 3. HP: 16/26 MP: 3/3
  1626 | D:3      | Reached XP level 4. HP: 14/31 MP: 4/4
  1627 | D:3      | Reached skill level 5 in Shields
  1629 | D:3      | HP: 7/31 [orc/+0 flail (5)]
  2006 | D:3      | Found Zin's Purification Station.
  2009 | D:3      | Found a glowing silver altar of Zin.
  2557 | D:4      | Found Nyups's Neck Hole.
  2649 | D:4      | Reached XP level 5. HP: 20/36 MP: 5/5
  2819 | D:4      | Noticed Pikel
  2819 | D:4      | Noticed a lemure
  2819 | D:4      | Noticed a lemure
  2819 | D:4      | Noticed a lemure
  2820 | D:4      | Noticed a lemure
  2828 | D:4      | Killed a lemure
  2854 | D:4      | HP: 8/36 [Pikel/+2 whip of flaming (8)]
  2864 | D:4      | Killed Pikel
  2865 | D:4      | Reached skill level 8 in Shields
  2865 | D:4      | Reached XP level 6. HP: 9/42 MP: 6/6
  2865 | D:4      | Reached XP level 7. HP: 9/46 MP: 7/7
  3174 | D:4      | HP: 9/46 [orc priest/divine providence (11)]
  3182 | D:4      | HP: 8/46 [orc wizard/magic dart (6)]
  3692 | D:4      | Noticed Menkaure
  3698 | D:4      | Killed Menkaure
  3699 | D:4      | Reached skill level 9 in Shields
  3699 | D:4      | Reached XP level 8. HP: 52/52 MP: 8/8
  4032 | D:4      | Noticed Sigmund
  4042 | D:4      | Killed Sigmund
  4043 | D:4      | Reached skill level 10 in Shields
  4161 | D:5      | Entered Level 5 of the Dungeon
  4861 | D:5      | Found a staircase to the Ecumenical Temple.
  4878 | Temple   | Entered the Ecumenical Temple
  5218 | Temple   | Became a worshipper of Gozag Ym Sagoz the Greedy
  5446 | D:5      | Reached skill level 11 in Shields
  6115 | D:6      | Reached XP level 9. HP: 40/56 MP: 9/9
  6299 | D:6      | Reached skill level 12 in Shields
  7625 | D:7      | Reached skill level 13 in Shields
  7755 | D:7      | Noticed a hornet
  7763 | D:7      | Killed a hornet
  8441 | D:7      | Noticed a purple ugly thing
  8451 | D:7      | HP: 10/56 [purple ugly thing (7)]
  8451 | D:7      | Slain by a purple ugly thing

Vanquished Creatures
  Pikel (D:4)
  A hornet (D:7)
  Sigmund (D:4)
  Menkaure (D:4)
  2 ice beasts
  An orc warrior (D:7)
  2 sky beasts
  A centaur (D:6)
  An ogre (D:5)
  A lemure (D:4)
  A phantom (D:6)
  A necrophage (D:5)
  3 scorpions
  6 wights (D:6)
  2 howler monkeys
  A jelly (D:7)
  3 hounds (D:6)
  4 orc priests
  2 iguanas
  4 orc wizards
  3 gnolls (D:5)
  9 adders
  A white imp (D:6)
  An ufetubus (D:6)
  2 worms
  3 dart slugs
  30 orcs
  2 ball pythons
  6 endoplasms
  4 giant cockroaches
  2 goblins
  8 hobgoblins
  3 jackals (D:4)
  5 kobolds
  2 quokkas
  3 bats
  5 frilled lizards
  3 rats
131 creatures vanquished.

Vanquished Creatures (others)
  A plant (D:5)
1 creature vanquished.

Grand Total: 132 creatures vanquished

Table legend:
 A = Non-vault XP
 B = Vault XP
 C = Vault XP percentage of total XP
 D = Non-vault monster count
 E = Vault monster count
 F = Vault count percentage of total count
                 A         B        C        D         E       F
            +---------+---------+-------+---------+---------+-------
      Total |    3081 |    1072 |  25.8 |     119 |      11 |   8.5
            +---------+---------+-------+---------+---------+-------
        D:1 |       7 |       0 |   0.0 |       5 |       0 |   0.0
        D:2 |      65 |       0 |   0.0 |      17 |       0 |   0.0
        D:3 |      71 |       0 |   0.0 |      13 |       0 |   0.0
        D:4 |     426 |    1054 |  71.2 |      32 |       3 |   8.6
        D:5 |     594 |      18 |   2.9 |      17 |       8 |  32.0
        D:6 |    1270 |       0 |   0.0 |      23 |       0 |   0.0
        D:7 |     648 |       0 |   0.0 |      12 |       0 |   0.0
            +---------+---------+-------+---------+---------+-------

Illustrated notes

Table legend:
 A = Kills in this place as a percentage of kills in entire the game.
 B = Kills by you in this place as a percentage of kills by you in the entire game.
 C = Kills by friends in this place as a percentage of kills by friends in the entire game.
 D = Other kills in this place as a percentage of other kills in the entire game.
 E = Experience gained in this place as a percentage of experience gained in the entire game.
 F = Experience gained in this place divided by the number of levels of this place that you have seen.
                   A       B       C       D       E      F
               +-------+-------+-------+-------+-------+----------------------
         Total | 100.0 | 100.0 |   N/A |   N/A | 100.0 | 519.1
       Dungeon | 100.0 | 100.0 |   N/A |   N/A | 100.0 | 593.3
               +-------+-------+-------+-------+-------+----------------------

Table legend: (Time is in decaauts)
 A = Elapsed time spent in this place.
 B = Non-inter-level travel time spent in this place.
 C = Inter-level travel time spent in this place.
 D = Time resting spent in this place.
 E = Time spent auto-exploring this place.
 F = Levels seen in this place.
 G = Mean time per level.
                   A        B        C        D        E       F      G
               +--------+--------+--------+--------+--------+-----+--------+
         Total |   8489 |   8228 |    261 |   2980 |   4302 |   8 | 1061.1 |
       Dungeon |   8131 |   7933 |    198 |   2980 |   4016 |   7 | 1161.6 |
        Temple |    358 |    295 |     63 |      0 |    286 |   1 |  358.0 |
               +--------+--------+--------+--------+--------+-----+--------+

Top non-repeatable levels by time:
     D:4: 1960 daAuts
     D:6: 1420 daAuts
     D:5: 1267 daAuts
     D:2: 1191 daAuts
     D:3: 1038 daAuts
     D:7: 921 daAuts
  Temple: 358 daAuts
     D:1: 332 daAuts
